 Dungeon Crawl Stone Soup version 0.30.1-11-g7821555f0a (webtiles) character file.

Game seed: 6607442236534351004

11424 bnorton916 the Thaumaturge (level 11, -5/54 HPs)
             Began as a Deep Elf Conjurer on Dec 7, 2023.
             Was an Elder of Sif Muna.
             Engulfed by a cloud of freezing vapour (20 damage)
             ... on level 11 of the Dungeon.
             The game lasted 00:37:43 (22549 turns).

bnorton916 the Thaumaturge (Deep Elf Conjurer)     Turns: 22549, Time: 00:37:43

Health: -5/54      AC:  4    Str:  6    XL:     11   Next: 49%
Magic:  26/30      EV: 12    Int: 26    God:    Sif Muna [****..]
Gold:   195        SH:  5    Dex: 13    Spells: 17/36 levels left

rFire   . . .        e - +1 short sword (elec)
rCold   . . .        (no shield)
rNeg    . . .        a - +0 robe
rPois   .            H - +0 helmet
rElec   .            i - +0 cloak
rCorr   .            (no gloves)
SInv    .            (no boots)
Will    +....        l - amulet of reflection
Stlth   ++           (no ring)
HPRegen 0.29/turn    (no ring)
MPRegen 0.22/turn

%: reflection
@: no status effects
A: no striking features
a: Renounce Religion, Channel Magic, Forget Spell, Divine Exegesis


You were on level 11 of the Dungeon.
You worshipped Sif Muna.
Sif Muna was greatly pleased with you.
You visited 2 branches of the dungeon, and saw 12 of its levels.

You collected 481 gold pieces.
You spent 286 gold pieces at shops.

Inventory:

Hand Weapons
 e - a +1 short sword of electrocution (weapon)
 p - a +2 dagger of venom
 t - the +8 rapier of Defence {spect, SInv}
   (You found it on level 4 of the Dungeon)

   SInv:      It lets you see invisible.
 D - a +3 whip of venom
 N - a -1 demon whip of venom
Missiles
 u - 15 poisoned darts (quivered)
 G - 2 throwing nets
Armour
 a - a +0 robe (worn)
 i - a +0 cloak (worn)
 F - +1 acid dragon scales
 H - a +0 helmet (worn)
 M - a +3 ring mail
 T - a +0 buckler
Magical Staves
 m - a staff of cold
Jewellery
 l - an amulet of reflection (around neck)
 B - a +6 ring of dexterity
Wands
 A - a wand of polymorph (6)
 S - a wand of digging (3)
 U - a wand of flame (12)
 V - a wand of iceblast (18)
Scrolls
 g - 3 scrolls of fog
 o - 2 scrolls of amnesia
 q - a scroll of enchant weapon
 s - 2 scrolls of acquirement {unknown}
 w - 3 scrolls of teleportation
 y - 2 scrolls of summoning
 E - a scroll of silence
 I - a scroll of torment {unknown}
 J - a scroll of immolation
 K - a scroll of magic mapping {unknown}
 L - a scroll of brand weapon
 O - 2 scrolls of identify
 Q - a scroll of vulnerability {unknown}
 R - a scroll of poison {unknown}
Potions
 c - 2 potions of berserk rage
 d - 2 potions of degeneration {unknown}
 f - 6 potions of curing
 h - 3 potions of attraction {unknown}
 j - 3 potions of lignification {unknown}
 k - a potion of brilliance {unknown}
 n - a potion of cancellation {unknown}
 v - a potion of resistance {unknown}
 x - a potion of might
 z - 3 potions of haste {unknown}
 C - a potion of mutation {unknown}
Miscellaneous
 P - a lightning rod (4/4)


   Skills:
 + Level 2.3 Armour
 - Level 2.4 Dodging
 - Level 2.4 Stealth
 + Level 13.0 Spellcasting
 + Level 11.6 Conjurations
 - Level 3.0 Hexes
 - Level 3.0 Translocations
 + Level 10.3 Ice Magic
 - Level 3.0 Air Magic
 - Level 5.0 Invocations


You had 17 spell levels left.
You knew the following spells:

 Your Spells              Type           Power      Damage    Failure   Level
a - Magic Dart            Conj           100%       1d8       1%          1
b - Searing Ray           Conj           100%       2d8       1%          2
c - Fulminant Prism       Conj/Hex       26%        3d14      1%          4
d - Ozocubu's Armour      Ice            63%        N/A       1%          3
e - Freezing Cloud        Conj/Ice/Air   28%        6-21      3%          5
f - Iskenderun's Mystic   Conj/Tloc      53%        2d11      1%          4

Your spell library contained the following spells:

 Spells                   Type           Power      Damage    Failure   Level
 Blink                    Tloc           64%        N/A       1%          2
 Dazzling Flash           Conj/Hex       100%       N/A       1%          3
 Frozen Ramparts          Ice            100%       1d16      1%          3
 Cigotuvi's Dreadful Rot  Necr/Pois/Air  44%        N/A       3%          2
 Vhi's Electric Charge    Tloc/Air       64%        N/A       3%          3
 Flame Wave               Conj/Fire      47%        2d12      3%          4
 Scorch                   Fire           32%        2d6       4%          2
 Ice Form                 Ice/Tmut       43%        N/A       4%          4
 Summon Ice Beast         Ice/Summ       43%        N/A       4%          4
 Arcjolt                  Conj/Air       26%        1d36      4%          5
 Ignite Poison            Fire/Tmut/Pois 16%        N/A       10%         3
 Manifold Assault         Tloc           32%        N/A       10%         4
 Ozocubu's Refrigeration  Ice            31%        4d14      38%         7
 Summon Cactus Giant      Summ           8%         N/A       99%         6
 Storm Form               Tmut/Air       12%        N/A       100%        7
 Maxwell's Capacitive Co  Air            16%        ∞         100%        8


Dungeon Overview and Level Annotations

Branches:
Dungeon (11/15)            Temple (0/1) D:6            Lair (1/5) D:11
    Orc (0/2) D:10

Altars:
Elyvilon
Fedhas
Makhleb
Ru
Sif Muna
Vehumet
Yredelemnul
The Shining One

Shops:
D:1 =   D:5 :

Portals:
Abyss: D:11

Annotations:
D:7 2 transporters, Tang's ghost, novice GnWn
D:9 Gastronok
D:11 2 transporters, Josephine; booth's ghost, journeyman MiFi


Message History

You start resting.
Magic restored.
You start waiting.
Done waiting.
You start waiting.
You start waiting.
Done waiting.
As you open the door, it creaks loudly!
There is an open door here.
There is an open door here.
There is an open door here.
Found an escape hatch in the ceiling.
There is an open door here.
There is an open door here.
There is an open door here.
A yak comes into view.
Casting: Freezing Cloud (dangerous; 3% risk of failure)
Confirm with . or Enter, or press ? or * to list all spells.
Aiming: Freezing Cloud (dangerous; 3% risk of failure)
Press: ? - help, Dir - move target, f - yak
Aim: a yak (wandering, hasn't noticed you) That beam is likely to hit you.
Continue anyway?
The yak bellows!
You are engulfed in freezing vapours.
Ouch! That really hurt!
You hear a bellow!
The yak is engulfed in freezing vapours.
You hear a bellow!
You are engulfed in freezing vapours.
* * * LOW HITPOINT WARNING * * *
You hear a bellow!
You feel much better.
You are engulfed in freezing vapours.
* * * LOW HITPOINT WARNING * * *
You feel much better.
You are engulfed in freezing vapours.
* * * LOW HITPOINT WARNING * * *
Okay, then.
You feel much better.
You are engulfed in freezing vapours.
* * * LOW HITPOINT WARNING * * *
You are engulfed in freezing vapours.
You die...

##'##
#####.### #.#
#.# # # #.# #
#.# # #.# #.#
#.#
########.#
........@###
########§§§##
###§§# ##§#
§# Y# .# ##


There were no monsters in sight!

Vanquished Creatures
  Urug (D:11)
  Amaemon (D:9)
  The ghost of Fractals the Chiller, a novice HuIE of Sif Muna (D:6)
  An oklob plant (D:11)
  3 cyclopes
  Maurice (D:11)
  Maggie (D:9)
  An orange demon (D:9)
  An unseen horror (D:11)
  2 trolls
  Grinder (D:6)
  A polar bear (D:11)
  2 wraiths (D:10)
  14 yaks
  A wyvern (D:9)
  2 acid dragons
  A water moccasin (D:7)
  2 orc warriors
  A black bear (D:6)
  2 sky beasts
  2 ogres
  2 centaurs (D:10)
  2 kobold brigands
  5 bullfrogs
  A gnoll sergeant (D:10)
  3 scorpions
  11 killer bees
  4 howler monkeys
  5 electric eels (D:8)
  4 hounds
  7 orc priests
  3 jellies
  A gnoll bouda (D:6)
  A sleepcap (D:7)
  4 iguanas
  10 orc wizards
  12 gnolls
  6 adders
  2 shadow imps
  2 white imps
  An adder skeleton (D:2)
  2 dart slugs (D:1)
  4 worms (D:2)
  43 orcs
  7 ball pythons
  2 bats
  A bat skeleton (D:2)
  6 endoplasms
  3 giant cockroaches
  7 goblins
  6 hobgoblins
  3 jackals (D:4)
  3 quokkas
  2 frilled lizards
  A giant cockroach zombie (D:2)
  11 kobolds
  5 rats
234 creatures vanquished.

Vanquished Creatures (others)
  73 fulminant prisms
73 creatures vanquished.

Grand Total: 307 creatures vanquished

Notes
Turn   | Place    | Note
-------+----------+-------------------------------------------
     0 | D:1      | bnorton916 the Deep Elf Conjurer began the quest for the
                  | Orb.
     0 | D:1      | Reached XP level 1. HP: 10/10 MP: 6/6
   258 | D:1      | Reached XP level 2. HP: 15/15 MP: 1/8
   493 | D:1      | Found Gachuvusa's Jewellery Shoppe.
   509 | D:1      | Learned a level 2 spell: Searing Ray
   940 | D:1      | Reached skill level 4 in Spellcasting
  1092 | D:2      | Reached skill level 5 in Conjurations
  1092 | D:2      | Reached XP level 3. HP: 19/19 MP: 5/10
  1225 | D:2      | Found a shimmering blue altar of Sif Muna.
  1252 | D:2      | Became a worshipper of Sif Muna the Loreminder
  1329 | D:2      | Learned a level 3 spell: Ozocubu's Armour
  1816 | D:2      | Reached XP level 4. HP: 21/24 MP: 8/12
  1820 | D:2      | Reached skill level 1 in Ice Magic
  2520 | D:3      | Identified the +0 scale mail "Cewnista" {Contam rPois rC+
                  | Will+}
  2649 | D:3      | Reached * piety under Sif Muna
  2768 | D:3      | Learned a level 4 spell: Fulminant Prism
  2779 | D:3      | Reached skill level 5 in Spellcasting
  2956 | D:3      | You fall into a shaft and drop 3 floors!
  3137 | D:6      | Found a runed translucent door.
  3139 | D:6      | Noticed Fractals's ghost (novice HuIE)
  3169 | D:5      | Entered Level 5 of the Dungeon
  3201 | D:5      | Reached XP level 5. HP: 28/28 MP: 9/14
  3596 | D:4      | Identified the +8 rapier of Defence {spect, SInv}
  3651 | D:4      | Noticed an ogre
  4254 | D:4      | Killed an ogre
  4255 | D:4      | Reached skill level 1 in Hexes
  4255 | D:4      | Reached XP level 6. HP: 5/32 MP: 10/16
  4715 | D:4      | Reached skill level 6 in Spellcasting
  5369 | D:5      | Found Jozotam's Book Shop.
  5393 | D:5      | Noticed a sky beast
  5577 | D:5      | Killed a sky beast
  5578 | D:5      | Reached XP level 7. HP: 36/36 MP: 9/18
  7236 | D:6      | Reached skill level 7 in Spellcasting
  7302 | D:6      | Noticed Grinder
  7310 | D:6      | Paralysed by Grinder for 5 turns
  7712 | D:6      | Killed Grinder
  7712 | D:6      | Reached ** piety under Sif Muna
  7713 | D:6      | Reached XP level 8. HP: 5/41 MP: 10/21
  7911 | D:6      | Reached skill level 5 in Ice Magic
  8316 | D:6      | Found a staircase to the Ecumenical Temple.
  8430 | D:6      | Reached skill level 8 in Spellcasting
  9024 | D:6      | Found a radiant altar of Vehumet.
  9024 | D:6      | Found a glowing golden altar of the Shining One.
  9025 | D:6      | Found a shimmering blue altar of Sif Muna.
  9467 | D:7      | Reached skill level 9 in Spellcasting
  9697 | D:7      | Reached XP level 9. HP: 28/45 MP: 9/24
 10060 | D:7      | Noticed a cyclops
 10063 | D:7      | Found a transporter.
 10064 | D:7      | Noticed Tang's ghost (novice GnWn)
 10069 | D:7      | Found a transporter.
 10518 | D:7      | Reached skill level 10 in Spellcasting
 11326 | D:8      | Learned a level 4 spell: Iskenderun's Mystic Blast
 11437 | D:8      | Reached skill level 1 in Translocations
 11497 | D:8      | Reached *** piety under Sif Muna
 12204 | D:8      | Reached skill level 1 in Invocations
 12857 | D:8      | Reached XP level 10. HP: 50/50 MP: 11/26
 13405 | D:8      | Reached skill level 10 in Conjurations
 13916 | D:9      | Identified the +12 long sword "Abeipreg" {heavy, Str+7}
 14002 | D:9      | Noticed an orange demon
 14034 | D:9      | Killed an orange demon
 14035 | D:9      | Reached skill level 11 in Spellcasting
 14166 | D:9      | Noticed Amaemon
 14178 | D:9      | Killed Amaemon
 14658 | D:9      | Found a white marble altar of Elyvilon.
 14679 | D:9      | Noticed Maggie
 14700 | D:9      | Killed Maggie
 15184 | D:9      | Noticed Gastronok
 15916 | D:9      | Found a blossoming altar of Fedhas.
 16231 | D:5      | Bought a Trismegistus Codex for 286 gold pieces
 16237 | D:5      | Learned a level 5 spell: Freezing Cloud
 16304 | D:6      | Killed Fractals's ghost
 16305 | D:6      | Reached skill level 1 in Air Magic
 17003 | D:10     | Entered Level 10 of the Dungeon
 17026 | D:10     | Noticed a cyclops
 17228 | D:10     | Killed a cyclops
 17721 | D:10     | Reached skill level 5 in Invocations
 17797 | D:10     | Reached skill level 12 in Spellcasting
 18544 | D:10     | Found a staircase to the Orcish Mines.
 18989 | D:10     | Found a sacrificial altar of Ru.
 19508 | D:10     | Found a burning altar of Makhleb.
 19508 | D:10     | Found a basalt altar of Yredelemnul.
 19549 | D:10     | Reached XP level 11. HP: 54/54 MP: 21/29
 19933 | D:10     | Reached **** piety under Sif Muna
 20542 | D:11     | Noticed Maurice
 20550 | D:11     | Killed Maurice
 20561 | D:11     | Noticed Urug
 20571 | D:11     | Killed Urug
 20572 | D:11     | Reached skill level 1 in Armour
 20625 | D:11     | Reached skill level 10 in Ice Magic
 20908 | D:11     | Found a staircase to the Lair.
 20913 | D:11     | Noticed an oklob plant
 20921 | D:11     | Killed an oklob plant
 21262 | Lair:1   | Entered Level 1 of the Lair of Beasts
 21291 | D:11     | Found a one-way gate to the infinite horrors of the Abyss.
 21291 | D:11     | Noticed booth's ghost (journeyman MiFi)
 21292 | D:11     | Noticed a skeletal warrior
 21440 | D:11     | Noticed a green ugly thing
 21584 | D:11     | Found a transporter.
 21598 | D:11     | Found a transporter.
 21648 | D:11     | Noticed Josephine
 22036 | D:11     | Reached skill level 13 in Spellcasting
 22549 | D:11     | Engulfed by a cloud of freezing vapour

Illustrated notes

Levels and vault maps discovered:
D:1:      dpeg_arrival_boxes_within_box, layout_loops_ring, serial_shops,
          nicolae_shop_statue_plus, chequers_serial_rivers_large_b
D:2:      layout_basic, serial_undead, serial_undead_f, serial_undead_c,
          serial_undead_c, serial_undead_f, basic_altar
D:3:      layout_rooms, chequers_hall_statues_y
D:4:      layout_basic, cheibrodos_gnoll_hut
D:5:      layout_basic, serial_shops, shop, kennysheep_generic_room_16
D:6:      layout_loops_corners, gammafunk_temple_overflow_claw,
          minmay_temple_entry_gardened_gates, hellmonk_ghost_happy_afterlife,
          uniq_grinder
D:7:      layout_gridville, gammafunk_ghost_arena
D:8:      kennysheep_blocky_hall, layout_basic, serial_bayou,
          serial_bayou_crossing, serial_bayou_shore_a, serial_bayou_pond_c,
          serial_bayou_pond_b, serial_bayou_pond_e, enter_bailey_2
D:9:      layout_loops_ring, elyvilon_altar_1, fedhas_altar_4, uniq_maggie,
          uniq_amaemon, uniq_gastronok
D:10:     layout_irregular_city, gammafunk_temple_overflow_statue,
          kennysheep_mini, hiddenorc1_lemuel, hangedman_decor_lopped
D:11:     layout_loops_corners, dpeg_oklobed_lair,
          gammafunk_ghost_abyssal_escape, trog_ov_bears_minmay, uniq_urug,
          uniq_josephine, uniq_maurice
Lair:1:   layout_gridlike, st_stairs_10, grunt_megastairs_5

Skill      XL: |  1  2  3  4  5  6  7  8  9 10 11 |
---------------+----------------------------------+-----
Spellcasting   | 4 5 6 7 9 10 12 13 | 13.0
Conjurations   | 5 6 7 8 9 10 11 | 11.6
Ice Magic      | 1 3 4 6 8 9 10 | 10.3
Hexes          | 1 2 3 |  3.0
Translocations | 3 |  3.0
Invocations    | 2 5 |  5.0
Air Magic      | 2 3 |  3.0
Armour         | 2 |  2.3
Dodging        | |  2.4
Stealth        | |  2.4

Action                     |  1- 3 |  4- 6 |  7- 9 | 10-12 || total
---------------------------+-------+-------+-------+-------++-------
  Melee: Short sword       |       |       |       |    15 ||    15
  Throw: Dart              |       |     3 |       |     4 ||     7
   Cast: Magic Dart        |    83 |    72 |   103 |    36 ||   294
         Searing Ray       |     5 |    12 |    59 |    21 ||    97
         Fulminant Prism   |       |     2 |    26 |    45 ||    73
         Ozocubu's Armour  |       |       |     3 |     6 ||     9
         Iskenderun's Myst |       |       |     1 |    23 ||    24
         Freezing Cloud    |       |       |       |    23 ||    23
    Use: Scroll            |       |       |     8 |     8 ||    16
         Potion            |       |       |     1 |     5 ||     6
 Armour: Robe              |     2 |     2 |     9 |     7 ||    20
         Skin              |       |       |       |     1 ||     1
  Dodge: Dodged            |     9 |    11 |    28 |    31 ||    79
  Block: Other             |       |     1 |    16 |     9 ||    26
         Reflection        |       |       |     2 |     3 ||     5
